 Dungeon Crawl Stone Soup version 0.30.2 (webtiles) character file.

Game seed: 3649081820245999308

25033 porpoise the Spear-Bearer (level 12, -4/95 HPs)
             Began as a Demonspawn Gladiator on Apr 14, 2024.
             Was an Elder of Fedhas.
             Slain by a black mamba (10 damage)
             ... on level 3 of the Lair of Beasts.
             The game lasted 00:58:05 (16136 turns).

porpoise the Spear-Bearer (Demonspawn Gladiator)   Turns: 16136, Time: 00:58:08

Health: -4/95      AC: 16    Str: 18    XL:     12   Next: 85%
Magic:  20/20      EV: 11    Int: 12    God:    Fedhas [****..]
Gold:   1016       SH:  0    Dex: 14    Spells: 11/11 levels left

rFire   + . .        a - +4 trident (drain)
rCold   . . .        s - +1 buckler
rNeg    + . .        x - +0 scale mail {rPois}
rPois   +            (helmet restricted)
rElec   .            R - +1 cloak
rCorr   .            y - +2 pair of gloves
SInv    .            p - +0 pair of boots
Will    .....        M - amulet of regeneration Stlth
                     n - ring of protection from fire
HPRegen 1.15/turn    S - ring of positive energy
MPRegen 0.17/turn

%: no passive effects
@: confused, lethally poisoned (-4 -> -8), ambrosia-drunk
A: antennae 2, icy blue scales 1, demonic magic 2
a: Renounce Religion, Wall of Briars, Grow Ballistomycete, Overgrow


You were on level 3 of the Lair of Beasts.
You worshipped Fedhas.
Fedhas was greatly pleased with you.
You visited 3 branches of the dungeon, and saw 17 of its levels.
You also visited: Sewer.

You collected 1094 gold pieces.
You spent 78 gold pieces at shops.

Inventory:

Hand Weapons
 a - a +4 trident of draining (weapon)
 b - a +1 hand crossbow
 w - a +2 heavy trident
Missiles
 e - 5 throwing nets (quivered)
 k - 3 poisoned darts
 G - 4 curare-tipped darts
Armour
 p - a +0 pair of boots (worn)
 s - a +1 buckler (worn)
 v - the +0 scale mail "Gusug" {Str+6}
   (You found it on level 2 of the Lair of Beasts)

   Str:       It affects your strength (+6).
 x - a +0 scale mail of poison resistance (worn)
 y - a +2 pair of gloves (worn)
 R - a +1 cloak (worn)
Jewellery
 m - a ring of willpower
 n - a ring of protection from fire (left hand)
 B - a ring of magical power
 M - an amulet of regeneration (around neck)
 S - a ring of positive energy (right hand)
Wands
 d - a wand of quicksilver (13)
 o - a wand of polymorph (5)
 D - a wand of mindburst (7)
 K - a wand of paralysis (16)
 V - a wand of flame (12)
Scrolls
 f - 2 scrolls of summoning
 g - a scroll of fog
 h - 6 scrolls of teleportation
 l - a scroll of blinking
 q - 4 scrolls of vulnerability
 u - 2 scrolls of poison
 I - 2 scrolls of fear
Potions
 i - a potion of ambrosia
 j - 3 potions of cancellation
 r - 4 potions of flight
 t - 5 potions of lignification
 z - a potion of attraction
 A - 13 potions of curing
 C - a potion of brilliance
 E - 3 potions of invisibility {unknown}
 J - 2 potions of might
 P - 2 potions of haste
Miscellaneous
 c - a tin of tremorstones (2/2)


   Skills:
 - Level 9.0 Fighting
 - Level 14.0 Polearms
 + Level 3.3 Ranged Weapons
 - Level 1.7 Throwing
 - Level 5.0 Armour
 - Level 5.0 Dodging
 - Level 5.0 Shields
 + Level 11.1 Invocations
 + Level 3.6 Evocations


You had 11 spell levels left.
You didn't know any spells.
Your spell library contained the following spells:

 Spells                   Type           Power      Damage    Failure   Level
 Apportation              Tloc           0%         N/A       77%         1
 Blink                    Tloc           0%         N/A       88%         2
 Lesser Beckoning         Tloc           0%         N/A       88%         2
 Momentum Strike          Conj/Tloc      0%         3d8       88%         2
 Scorch                   Fire           0%         2d5       88%         2
 Sublimation of Blood     Necr           0%         N/A       88%         2
 Call Canine Familiar     Summ           0%         N/A       98%         3
 Ozocubu's Armour         Ice            0%         N/A       98%         3
 Portal Projectile        Hex/Tloc       0%         N/A       98%         3
 Flame Wave               Conj/Fire      0%         2d4       100%        4
 Leda's Liquefaction      Hex/Erth       0%         N/A       100%        4
 Petrify                  Tmut/Erth      0%         N/A       100%        4
 Alistair's Intoxication  Tmut/Pois      0%         N/A       100%        5
 Irradiate                Conj/Tmut      0%         3d11      100%        5
 Metabolic Englaciation   Hex/Ice        0%         N/A       100%        5
 Simulacrum               Ice/Necr       0%         N/A       100%        6
 Summon Cactus Giant      Summ           0%         N/A       100%        6


Dungeon Overview and Level Annotations

Branches:
Dungeon (12/15)            Temple (1/1) D:6            Lair (4/5) D:11
 Shoals (0/4) Lair:2       Spider (0/4) Lair:2        Sewer (visited)
  Slime: Lair:4-5       Orc: D:9-12

Altars:
Ashenzari
Cheibriados
Dithmenos
Fedhas
Gozag
Hepliaklqana
Kikubaaqudgha
Makhleb
Nemelex Xobeh
Okawaru
Qazlal
Ru
Sif Muna
Trog
Uskayaw
Vehumet
Wu Jian
Xom
Yredelemnul

Shops:
D:4 (   D:5 (   D:7 !   D:8 (   D:9 (   D:10 *

Portals:
Trove: D:11 (give 8 scrolls of fog)


Innate Abilities, Weirdness & Mutations

You have a pair of antennae on your head.
You are partially covered in icy blue scales. (AC +2)
Spells you cast may paralyse nearby enemies.


Message History

* * * LOW HITPOINT WARNING * * *
You closely miss the rime drake.
The rime drake is moderately wounded.
The ice encasing you melts away. The black mamba bites you!
* * * LOW HITPOINT WARNING * * *
The rime drake bites you but does no damage.
You completely miss the rime drake.
The rime drake is moderately wounded.
The black mamba bites you!
* * * LOW HITPOINT WARNING * * *
The rime drake breathes ice at you. You block the icy flash freeze.
You feel much better.
The black mamba bites you but does no damage.
The black mamba closely misses you. You block the rime drake's attack.
You barely miss the rime drake.
The rime drake is moderately wounded.
The black mamba closely misses you.
The rime drake bites you but does no damage.
You completely miss the rime drake.
The rime drake is moderately wounded.
The black mamba bites you!
* * * LOW HITPOINT WARNING * * *
You are lethally poisoned!
The black mamba poisons you!
You hit the rime drake.
The rime drake is moderately wounded.
* * * LOW HITPOINT WARNING * * *
You feel very sick. The black mamba bites you.
* * * LOW HITPOINT WARNING * * *
The rime drake barely misses you.
You are confused.
You feel invigorated.
* * * LOW HITPOINT WARNING * * *
You feel very sick. The black mamba bites you!
You die...
Fedhas appreciates your contribution to the ecosystem.

#### ###.........................
#.P###.#........(..............[.
.................................
.###..........................PP.
## #.........................####
##...~~~...................#.#
#..~≈≈~≈...###..##.#.P.###...#
###..~≈≈≈≈~≈###S..#########...##
#.#..~~≈≈≈~[..#.@.# ##.####
....~~≈≈≈~...###k.## #......
....~≈≈≈~.>..# #...# ##.....
....~~≈≈~....###..## ##.....
.....~≈≈≈~..#.##..# #......
#....≈≈~~...###...# ##..P.+
#......~.##P###...## #.#...
......#..#####.#...#########.#...
PP.....>..........##.#P...##.....


You could see a black mamba and a rime drake (drained).

Vanquished Creatures
  A hydra (Lair:4)
  2 two-headed ogres
  An ugly thing (D:11)
  5 elephants (Lair:3)
  4 black mambas
  An unseen horror (D:11)
  5 cane toads
  2 komodo dragons
  A guardian mummy (D:11)
  A polar bear (Lair:3)
  12 blink frogs
  Sigmund (D:6)
  3 vampires
  A shadow (D:7)
  Eustachio (D:6)
  2 basilisks
  44 yaks
  4 wyverns
  A steam dragon (D:9)
  2 redbacks (Lair:2)
  2 vampire mosquitoes (D:11)
  Duvessa (D:5)
  10 water moccasins
  5 acid dragons
  An ice beast (D:7)
  5 orc warriors
  A sky beast (D:7)
  2 ogres (D:5)
  6 centaurs
  2 phantoms
  8 bullfrogs
  6 kobold brigands
  Blork the orc (D:5)
  A gnoll sergeant (D:6)
  4 scorpions (D:5)
  7 wights
  Dowan (D:5)
  3 killer bees (D:9)
  2 howler monkeys (D:11)
  4 hounds
  2 jellies
  4 orc priests
  3 gnoll boudas
  Jessica (D:3)
  3 iguanas
  Ijyb (D:3)
  6 orc wizards
  2 sleepcaps (D:6)
  5 hell rats (Lair:2)
  22 gnolls
  9 adders
  A shadow imp (D:8)
  3 ufetubi
  2 worms
  5 dart slugs
  34 orcs
  7 ball pythons
  5 endoplasms
  7 giant cockroaches
  12 goblins
  5 hobgoblins
  4 jackals
  38 kobolds
  2 quokkas (D:1)
  3 training dummies (D:4)
  8 bats
  5 frilled lizards
  10 rats
375 creatures vanquished.

Vanquished Creatures (collateral kills)
  A gnoll sergeant (D:8)
  2 gnolls (D:8)
3 creatures vanquished.

Grand Total: 378 creatures vanquished

Notes
Turn   | Place    | Note
-------+----------+-------------------------------------------
     0 | D:1      | porpoise the Demonspawn Gladiator began the quest for the
                  | Orb.
     0 | D:1      | Reached XP level 1. HP: 16/16 MP: 1/1
   102 | D:1      | Reached skill level 3 in Polearms
   157 | D:1      | Gained mutation: You have a pair of small antennae on your
                  | head. [demonic ancestry]
   157 | D:1      | Reached XP level 2. HP: 22/22 MP: 2/2
   568 | D:1      | Gained mutation: You have a pair of antennae on your head.
                  | [demonic ancestry]
   568 | D:1      | Reached XP level 3. HP: 22/28 MP: 3/3
   847 | D:2      | Found a radiant altar of Vehumet.
  1634 | D:3      | Noticed Ijyb
  1655 | D:3      | Killed Ijyb
  1656 | D:3      | Reached skill level 4 in Polearms
  1656 | D:3      | Reached XP level 4. HP: 19/34 MP: 4/4
  1663 | D:3      | Reached skill level 1 in Shields
  1991 | D:3      | Found a large runed translucent door.
  1992 | D:3      | Found a large runed translucent door.
  2206 | D:3      | Noticed Jessica
  2218 | D:3      | Killed Jessica
  2219 | D:3      | Reached XP level 5. HP: 24/41 MP: 5/5
  2584 | D:3      | Found an ornate altar of the Wu Jian Council.
  2597 | D:3      | Found a hazy altar of Hepliaklqana.
  2799 | D:4      | Found Eroyriuk's Firing Range.
  2804 | D:4      | Bought a +0 hand crossbow for 38 gold pieces
  2917 | D:4      | Found a glowing drain.
  2975 | Sewer    | Entered a sewer
  3222 | Sewer    | Reached skill level 5 in Polearms
  3222 | Sewer    | Reached XP level 6. HP: 15/48 MP: 6/6
  3685 | D:5      | Entered Level 5 of the Dungeon
  3736 | D:5      | Noticed Duvessa
  3736 | D:5      | Noticed Dowan
  3755 | D:5      | Killed Duvessa
  3774 | D:5      | Killed Dowan
  3775 | D:5      | Gained mutation: Spells you cast may paralyse adjacent
                  | enemies. [demonic ancestry]
  3775 | D:5      | Reached XP level 7. HP: 23/54 MP: 7/7
  4048 | D:5      | Reached skill level 6 in Polearms
  4112 | D:5      | Found Riuzimae's Weapon Boutique.
  4416 | D:5      | Reached skill level 5 in Fighting
  4434 | D:5      | Gained mutation: Spells you cast may paralyse nearby
                  | enemies. [demonic ancestry]
  4434 | D:5      | Reached XP level 8. HP: 44/62 MP: 8/8
  4890 | D:6      | Noticed Blork the orc
  4961 | D:6      | Noticed Sigmund
  4974 | D:5      | Reached skill level 7 in Polearms
  5350 | D:5      | Killed Blork the orc
  5746 | D:6      | Found a staircase to the Ecumenical Temple.
  5753 | Temple   | Entered the Ecumenical Temple
  6134 | D:6      | Noticed Eustachio
  6226 | D:6      | Killed Eustachio
  6336 | D:6      | Found an opulent altar of Gozag.
  6348 | D:6      | Reached skill level 8 in Polearms
  6407 | D:6      | Killed Sigmund
  6439 | D:6      | Reached XP level 9. HP: 68/69 MP: 9/9
  6447 | D:6      | Reached skill level 5 in Shields
  7545 | D:7      | Reached skill level 9 in Polearms
  7702 | D:7      | Reached skill level 1 in Armour
  7869 | D:7      | Found Uhoeqae's Distillery.
  7884 | D:7      | Bought a potion of degeneration for 16 gold pieces
  8073 | D:8      | Found Dilumeg's Weapon Boutique.
  8306 | D:8      | Reached skill level 10 in Polearms
  8442 | D:8      | Reached XP level 10. HP: 64/79 MP: 10/10
  8884 | D:8      | Found a shadowy altar of Dithmenos.
  8985 | D:8      | Found a blossoming altar of Fedhas.
  8994 | D:8      | Became a worshipper of Fedhas Madash
  9076 | D:9      | Found Deliegg's Weapon Boutique.
  9184 | D:9      | Reached skill level 1 in Invocations
  9568 | D:9      | Noticed a two-headed ogre
  9580 | D:9      | Killed a two-headed ogre
  9581 | D:9      | Reached skill level 11 in Polearms
  9581 | D:9      | Reached skill level 5 in Dodging
  9785 | D:9      | Reached * piety under Fedhas
  9993 | D:10     | Entered Level 10 of the Dungeon
 10592 | D:10     | Noticed a two-headed ogre
 10606 | D:10     | Killed a two-headed ogre
 10607 | D:10     | Reached skill level 5 in Invocations
 10835 | D:10     | Reached XP level 11. HP: 74/84 MP: 15/15
 11001 | D:10     | Found Yfeoh's General Store.
 11009 | D:10     | Bought a scroll of identify for 24 gold pieces
 11222 | D:11     | Reached ** piety under Fedhas
 11255 | D:11     | Reached skill level 12 in Polearms
 11255 | D:11     | Found a staircase to the Lair.
 11388 | D:11     | Noticed a brown ugly thing
 11396 | D:11     | Killed a brown ugly thing
 11708 | D:11     | Reached skill level 5 in Armour
 11876 | D:11     | Found a portal to a secret trove of treasure.
 12188 | D:11     | Reached *** piety under Fedhas
 12441 | Lair:1   | Entered Level 1 of the Lair of Beasts
 12646 | Lair:1   | Reached skill level 13 in Polearms
 12754 | Lair:1   | Found the +8 Wrath of Trog {antimagic, *Rage Rampage}
 13204 | Lair:1   | Identified the +1 robe of the Ant {Regen+}
 13289 | Lair:1   | Gained mutation: You are partially covered in icy blue
                  | scales. (AC +2) [demonic ancestry]
 13289 | Lair:1   | Reached XP level 12. HP: 16/92 MP: 18/18
 14180 | Lair:2   | Found a hole to the Spider Nest.
 14384 | Lair:2   | Found a staircase to the Shoals.
 14416 | Lair:2   | Identified the +0 scale mail "Gusug" {Str+6}
 14919 | Lair:2   | Reached **** piety under Fedhas
 15287 | Lair:3   | Reached skill level 14 in Polearms
 15454 | Lair:3   | Reached skill level 10 in Invocations
 15454 | Lair:3   | Reached skill level 1 in Evocations
 15470 | Lair:3   | Reached skill level 1 in Ranged Weapons
 16108 | Lair:4   | Noticed a seven-headed hydra
 16117 | Lair:4   | Killed a seven-headed hydra
 16131 | Lair:3   | HP: 2/95 [black mamba (10)]
 16136 | Lair:3   | Slain by a black mamba

Illustrated notes

Levels and vault maps discovered:
D:1:      dpeg_arrival_stone_temple_mockup, layout_loops_ring
D:2:      layout_basic, basic_altar
D:3:      kennysheep_the_goblin_king, layout_loops_ring, jmf_multi_god_temple2,
          minmay_misc_feat_columns, uniq_jessica
D:4:      layout_rooms, gup_sewer_entry_glass, nicolae_shop_firing_range
D:5:      layout_loops_ring, serial_shops, shop, kennysheep_generic_room_5,
          uniq_duvessa
D:6:      layout_basic, mainiacjoe_overflow_alcove_2, minmay_temple_entry_wispy,
          hangedman_abyss_or_decor_slice, minmay_misc_feat_four_crosses,
          uniq_blork_the_orc, uniq_eustachio, uniq_sigmund
D:7:      layout_rooms, serial_shops, shop
D:8:      layout_rooms, mainiacjoe_overflow_surrounded_room,
          gammafunk_temple_overflow_pools, serial_shops,
          nicolae_shop_bloodbath_and_beyond, special_room [special_room_orc]
D:9:      layout_roguey, serial_shops, nicolae_square_shop,
          hangedman_abyss_or_decor_lesser_grid, kb_lookout_dungeons_type
D:10:     layout_cave_pods, serial_shops, nicolae_shop_stone
D:11:     layout_roguey, minmay_lair_entry_grove,
          nicolae_trove_entry_path_of_doom, patterned_corridor
D:12:     layout_loops_ring, orc_0_dummy
Temple:   minmay_temple_bridge_d
Lair:1:   layout_cave_pods, minivault_26, guppyfry_lair_drakes,
          grunt_megastairs_3, lemuel_fruit_tree
Lair:2:   layout_roguey, minmay_shoals_entry_centaurs, spider_nest_entry_webs
Lair:3:   layout_chaotic_city, hangedman_lair_unloving_vines,
          infiniplex_staircase_pool
Lair:4:   layout_misc_corridors, minmay_slime_entry_pillars, enter_volcano_3

Skill      XL: |  1  2  3  4  5  6  7  8  9 10 11 12 |
---------------+-------------------------------------+-----
Polearms       | 3 4 5 6 8 10 11 13 14 | 14.0
Fighting       | 3 4 5 6 7 8 9 |  9.0
Shields        | 1 2 3 4 5 |  5.0
Armour         | 2 3 5 |  5.0
Dodging        | 3 5 |  5.0
Invocations    | 5 8 11 | 11.1
Evocations     | 3 |  3.6
Ranged Weapons | 3 |  3.3
Throwing       | |  1.7

Action                     |  1- 3 |  4- 6 |  7- 9 | 10-12 || total
---------------------------+-------+-------+-------+-------++-------
  Melee: Trident           |   154 |   244 |   727 |  1135 ||  2260
         Punch             |     2 |       |       |       ||     2
   Fire: Hand crossbow     |       |     6 |     7 |     5 ||    18
  Throw: Throwing net      |       |     5 |       |       ||     5
         Javelin           |       |     1 |       |       ||     1
  Evoke: Wand              |       |       |     1 |     5 ||     6
    Use: Scroll            |       |     7 |     3 |    18 ||    28
         Potion            |       |     2 |     3 |    13 ||    18
   Stab: Held in net/web   |       |     1 |       |       ||     1
         Paralysed         |       |       |       |     4 ||     4
 Armour: Leather armour    |    33 |     2 |       |       ||    35
         Scale mail        |       |   120 |   298 |   331 ||   749
  Dodge: Dodged            |    93 |   126 |   317 |   356 ||   892
  Block: Buckler           |     4 |    37 |   218 |   219 ||   478
